 Dungeon Crawl Stone Soup version 0.27.1-34-g3ba077fa99 (webtiles) character file.

Game seed: 13596673902225505729

1103 belegose the Ruffian (level 8, -9/78 HPs)
             Began as a Troll Hedge Wizard on Jan 10, 2022.
             Mangled by Grum (15 damage)
             ... on level 5 of the Dungeon.
             The game lasted 00:10:15 (4778 turns).

belegose the Ruffian (Troll Hedge Wizard)           Turns: 4778, Time: 00:10:16

Health: -9/78      AC:  8    Str: 19    XL:     8   Next: 11%
Magic:  0/10       EV:  9    Int: 12    God:
Gold:   108        SH:  0    Dex:  9    Spells: 10/11 levels left

rFire    . . .     SeeInvis .     - Unarmed
rCold    . . .     Faith    .   (no shield)
rNeg     . . .     Spirit   +   b - +0 robe
rPois    .         Reflect  .   c - +0 hat
rElec    .         Harm     .   (no cloak)
rCorr    .         Rampage  .   (gloves unavailable)
Will     .....                  (boots unavailable)
Stlth    +.........             n - amulet of guardian spirit
HPRegen  1.23/turn              o - +4 ring of protection
MPRegen  0.12/turn              (no ring)

@: no status effects
A: large, unfitting armour, claws 3, regeneration 1, shaggy fur 1, tough skin 1
a: no special abilities


You were on level 5 of the Dungeon.
You visited 1 branch of the dungeon, and saw 5 of its levels.

You collected 122 gold pieces.
You spent 14 gold pieces at shops.

Inventory:

Hand Weapons
 i - a +0 whip of pain
Missiles
 e - 141 stones
 q - 13 poisoned darts
 t - a throwing net
Armour
 b - a +0 robe (worn)
 c - a +0 hat (worn)
Jewellery
 n - an amulet of guardian spirit (around neck)
 o - a +4 ring of protection (left claw)
 s - an amulet of regeneration
Wands
 k - a wand of iceblast (9)
Scrolls
 d - 9 scrolls of identify {unknown}
 f - 2 scrolls of noise {unknown}
 j - a scroll of vulnerability {unknown}
 m - 2 scrolls of teleportation {unknown}
 p - a scroll of fog {unknown}
 r - a scroll of fear {unknown}
Potions
 a - 2 potions of haste {unknown}
 g - 3 potions of curing {unknown}
 h - 2 potions of heal wounds {unknown}
 l - 3 potions of brilliance {unknown}


   Skills:
 + Level 3.9 Fighting
 + Level 4.2 Throwing
 - Level 1.5 Dodging
 - Level 1.0 Stealth
 + Level 4.6 Unarmed Combat
 - Level 2.0 Spellcasting
 - Level 0.6 Conjurations
 - Level 0.6 Summonings
 - Level 0.6 Translocations
 + Level 2.9 Evocations


You had 10 spell levels left.
You knew the following spells:

 Your Spells              Type           Power      Damage    Failure   Level
a - Magic Dart            Conj           8%         1d3       22%         1

Your spell library contained the following spells:

 Spells                   Type           Power      Damage    Failure   Level
 Apportation              Tloc           4%         N/A       22%         1
 Summon Small Mammal      Summ           8%         N/A       22%         1
 Animate Skeleton         Necr           2%         N/A       26%         1
 Corona                   Hex            1%         N/A       26%         1
 Blink                    Tloc           N/A        N/A       32%         2
 Call Imp                 Summ           2%         N/A       32%         2
 Slow                     Hex            1%         N/A       38%         2
 Conjure Flame            Conj/Fire      1%         6-21      58%         3
 Mephitic Cloud           Conj/Pois/Air  1%         N/A       58%         3
 Frozen Ramparts          Ice            2%         1d2       63%         3
 Summon Ice Beast         Ice/Summ       1%         N/A       94%         4
 Ice Form                 Ice/Tmut       1%         N/A       95%         4


Dungeon Overview and Level Annotations

Branches:
Dungeon (5/15)
 Temple: D:4-7

Altars:
Elyvilon
Kikubaaqudgha
Nemelex Xobeh
Okawaru
Vehumet

Shops:
D:1 (   D:2 !

Annotations:
D:4 2 transporters, exclusion: ogre, comborobin's ghost, weakling HODe
D:5 Grum


Innate Abilities, Weirdness & Mutations

You are too large for most types of armour.
You have claws for hands.
Your natural rate of healing is unusually fast.
You are covered in fur. (AC +1)
You have tough skin. (AC +1)


Message History

You scratch Grum.
Grum is moderately wounded.
Grum misses you.
You barely miss Grum.
Grum is moderately wounded.
Grum hits you with a +0 spear!
You scratch Grum.
Grum is moderately wounded.
Grum hits you with a +0 spear!!
You scratch Grum but do no damage.
Grum is moderately wounded.
Grum hits you with a +0 spear!
You closely miss Grum.
Grum is moderately wounded.
You claw Grum!
Grum is heavily wounded.
Grum hits you with a +0 spear!
You barely miss Grum.
Grum is heavily wounded.
Grum hits you with a +0 spear.
You barely miss Grum.
Grum is heavily wounded.
Grum closely misses you.
You claw Grum!
Grum is almost dead.
Grum hits you with a +0 spear!
* * * LOW HITPOINT WARNING * * *
You completely miss Grum.
Grum is almost dead.
Grum hits you with a +0 spear!
* * * LOW HITPOINT WARNING * * *
You scratch Grum.
Grum is almost dead.
Grum hits you but does no damage.
You scratch Grum but do no damage.
Grum is almost dead.
Grum hits you with a +0 spear!
* * * LOW HITPOINT WARNING * * *
Grum hits you from afar with a +0 spear!
You die...

#......††.†...##.##...
#.#.#######.#.....##..
#.....................
#....##...............
#...####......#.......
#..##..##.......###+##
##.##g.##.......#
#..#''#........#
#...@..........+
#...†..###.....#
#.....## #....#
#.....+ #..## #.)...+
..# . #.....+ .# #
#.....# # #......
#.......


You could see Grum.

Vanquished Creatures
  A necrophage (D:5)
  A wolf (D:5)
  A phantom (D:4)
  Blork the orc (D:4)
  A gnoll sergeant (D:5)
  A scorpion (D:5)
  A howler monkey (D:5)
  An orc priest (D:3)
  5 hounds
  A jelly (D:4)
  2 gnoll shamans
  An orc wizard (D:3)
  2 iguanas
  2 hound skeletons (D:4)
  14 gnolls
  3 adders
  2 adder skeletons (D:4)
  2 worms
  2 dart slugs (D:3)
  5 orcs
  5 bats
  9 endoplasms
  2 giant cockroaches
  2 goblins
  9 hobgoblins
  3 jackals
  5 quokkas
  8 ball pythons
  2 frilled lizards
  7 kobolds
  7 rats
108 creatures vanquished.

Notes
Turn   | Place    | Note
-------+----------+-------------------------------------------
     0 | D:1      | belegose the Troll Hedge Wizard began the quest for the
                  | Orb.
     0 | D:1      | Reached XP level 1. HP: 16/16 MP: 2/2
   177 | D:1      | Reached XP level 2. HP: 23/26 MP: 4/4
   313 | D:1      | Reached skill level 1 in Unarmed Combat
   380 | D:1      | Reached skill level 1 in Fighting
   380 | D:1      | Reached skill level 1 in Throwing
   421 | D:1      | Found Zoss's Antique Weapon Shop.
  1119 | D:2      | Found Eniamm's Distillery.
  1123 | D:2      | Reached XP level 3. HP: 32/33 MP: 5/5
  1131 | D:2      | Bought a potion of degeneration for 14 gold pieces
  1314 | D:2      | Found a radiant altar of Vehumet.
  1401 | D:1      | Reached XP level 4. HP: 28/42 MP: 6/6
  2358 | D:3      | Found an iron altar of Okawaru.
  2460 | D:3      | Reached XP level 5. HP: 43/49 MP: 7/7
  2485 | D:3      | Found an ancient bone altar of Kikubaaqudgha.
  2488 | D:3      | Found a sparkling altar of Nemelex Xobeh.
  2511 | D:3      | Found a white marble altar of Elyvilon.
  2993 | D:4      | Found a transporter.
  2994 | D:4      | Found a transporter.
  2994 | D:4      | Noticed comborobin's ghost (weakling HODe)
  3205 | D:4      | Noticed an ogre
  3256 | D:4      | Reached skill level 1 in Evocations
  3267 | D:4      | Reached XP level 6. HP: 44/59 MP: 6/8
  3813 | D:5      | Entered Level 5 of the Dungeon
  3979 | D:5      | Noticed Blork the orc
  4001 | D:4      | Killed Blork the orc
  4002 | D:4      | Reached XP level 7. HP: 54/67 MP: 7/9
  4684 | D:5      | Reached XP level 8. HP: 61/78 MP: 6/10
  4763 | D:5      | Noticed Grum
  4778 | D:5      | Mangled by Grum

Illustrated notes

Levels and vault maps discovered:
D:1:      matt_arrival_los_fun, layout_basic, serial_shops,
          nicolae_lakefront_shop
D:2:      layout_basic, serial_curves, eino_curves_04, eino_curves_02,
          serial_shops, nicolae_shop_temple_entry_statues_fountains, basic_altar
D:3:      layout_basic, nicolae_overflow_hidden_temple,
          mainiacjoe_overflow_boulevard, hex_tiny
D:4:      minmay_razor_zed, layout_gridville, gammafunk_ghost_arena,
          kennysheep_cross_room, amcnicky_mini_pool_small
D:5:      layout_cave_pools, minmay_temple_entry_glassed_door,
          serial_gnoll_camp, gnoll_camp_mini_sergeant, gnoll_camp_mini_hut,
          gnoll_camp_huts_moat, grums_kennel, gnoll_camp_mini_basic,
          gnoll_camp_mini_hut, minmay_misc_feat_columns,
          minmay_misc_feat_pillars, kennysheep_another_room,
          chequers_serial_rivers_small_b, uniq_blork_the_orc

Skill      XL: |  1  2  3  4  5  6  7 |
---------------+----------------------+-----
Unarmed Combat | 1 2 3 4 |  4.6
Fighting       | 1 2 3 |  3.9
Throwing       | 1 2 3 4 |  4.2
Evocations     | 1 2 |  2.9
Dodging        | |  1.5
Stealth        | |  1.0
Spellcasting   | |  2.0
Conjurations   | |  0.6
Summonings     | |  0.6
Translocations | |  0.6

Action                   |  1- 3 |  4- 6 |  7- 9 || total
-------------------------+-------+-------+-------++-------
Melee: Unarmed           |    78 |   187 |   129 ||   394
       Punch             |       |     4 |     1 ||     5
 Stab: Sleeping          |     3 |     3 |       ||     6
Armor: Robe              |    22 |    56 |    45 ||   123
Dodge: Dodged            |    33 |    79 |    53 ||   165
